 Dungeon Crawl Stone Soup version 0.31-a0-1068-g5939ac1fb6 (webtiles) character file.

Game seed: 12766610397649227853

1424 Maratek the Trooper (level 8, -2/64 HPs)
             Began as a Demonspawn Fighter on Nov 24, 2023.
             Slain by an ogre
             ... wielding a +0 giant club
              (18 damage)
             ... on level 4 of the Dungeon.
             The game lasted 00:05:37 (4122 turns).

Maratek the Trooper (Demonspawn Fighter)            Turns: 4122, Time: 00:05:38

Health: -2/64      AC:  9    Str: 17    XL:     8   Next: 44%
Magic:  8/8        EV: 10    Int: 10    God:
Gold:   185        SH:  5    Dex: 14    Spells: 7/7 levels left

rFire   . . .        a - +3 long sword
rCold   . . .        c - +0 buckler
rNeg    . . .        b - +0 scale mail
rPois   .            (no helmet)
rElec   .            k - +0 cloak
rCorr   .            o - +0 pair of gloves
SInv    .            (no boots)
Will    .....        f - amulet of the acrobat
Stlth   +            (no ring)
HPRegen 0.30/turn    (no ring)
MPRegen 0.11/turn

%: acrobat
@: mighty
A: sturdy frame 2
a: no special abilities


You were on level 4 of the Dungeon.
You visited 1 branch of the dungeon, and saw 5 of its levels.

You collected 185 gold pieces.

Inventory:

Hand Weapons
 a - a +3 long sword (weapon)
 q - a +2 falchion of holy wrath
Missiles
 r - a throwing net
Armour
 b - a +0 scale mail (worn)
 c - a +0 buckler (worn)
 k - a +0 cloak (worn)
 o - a +0 pair of gloves (worn)
Jewellery
 f - an amulet of the acrobat (around neck)
Wands
 e - a wand of flame (4)
Scrolls
 s - a scroll of vulnerability
Potions
 d - a potion of might
 h - a potion of magic {unknown}
 i - a potion of enlightenment {unknown}
 j - 2 potions of lignification {unknown}
 l - a potion of mutation {unknown}
 m - 2 potions of haste {unknown}
 n - a potion of degeneration {unknown}
 p - a potion of brilliance {unknown}


   Skills:
 + Level 6.0 Fighting
 + Level 5.0 Long Blades
 + Level 5.4 Armour
 + Level 5.5 Shields


You had 7 spell levels left.
You didn't know any spells.
Your spell library contained the following spells:

 Spells                   Type           Power      Damage    Failure   Level
 Gell's Gravitas          Tloc           0%         N/A       91%         3
 Teleport Other           Tloc           0%         N/A       91%         3
 Dispersal                Tloc           0%         N/A       100%        6


Dungeon Overview and Level Annotations

Branches:
Dungeon (5/15)
 Temple: D:4-7

Altars:
Gozag
Kikubaaqudgha
Sif Muna
Xom

Shops:
D:2 :   D:3 [


Innate Abilities, Weirdness & Mutations

Your movements are less encumbered by armour. (ER -4)


Message History

Your Shields skill increases to level 5!
You have reached level 8!
You feel clever.
The howler monkey attacks as it pursues you!
The howler monkey hits you but does no damage.
The ogre misses you. The jackal misses you.
You barely miss the jackal. The jackal misses you.
The howler monkey hoots and howls with incredible vigour!
The jackal bites you but does no damage.
You hear an angry hiss.
You hear a bark!
You hear an angry growl.
You slice the jackal!!
You kill the jackal!
You barely miss the jackal. The jackal bites you.
* * * LOW HITPOINT WARNING * * *
You block the jackal's attack.
You slash the jackal!
You kill the jackal!
You closely miss the howler monkey.
The howler monkey hits you but does no damage.
The howler monkey hoots and howls with incredible vigour!
An adder comes into view.
You slash the howler monkey!
The howler monkey is severely wounded.
The howler monkey hits you but does no damage.
You closely miss the howler monkey.
The howler monkey is severely wounded.
The howler monkey hits you but does no damage.
The howler monkey hits you.
* * * LOW HITPOINT WARNING * * *
You barely miss the howler monkey.
The howler monkey is severely wounded.
The howler monkey hoots and howls with incredible vigour!
You hear a bark! x2
You slash the howler monkey!
You kill the howler monkey!
Your Fighting skill increases to level 6!
You barely miss the ogre.
The ogre hits you with a +0 giant club!!
You die...

#..###†)........
#.## #.....#### #.#
#....^######### #.#
#.............#
##.#
#.............#
...#
#.............#
.###
#.............# ##
###.##........# #
#.######@#### . ###
.. #O# ... ..#
#....####S####.....
..#
#........§§.....
..#
#........§§.....
..#
##..#######.....
..###.. ..>.. ...?
....... .... ##.
..####. ##.


You could see an ogre and an adder.

Vanquished Creatures
  Pikel (D:4)
  Pargi (D:3)
  2 ogres
  A centaur (D:5)
  A bullfrog (D:4)
  A howler monkey (D:4)
  3 hounds (D:5)
  An orc priest (D:5)
  Natasha (thrice) (D:3)
  An iguana (D:5)
  A sleepcap (D:3)
  An orc wizard (D:5)
  7 gnolls
  5 adders
  3 worms
  5 dart slugs
  8 orcs (D:5)
  17 ball pythons
  A bat zombie (D:3)
  7 endoplasms
  7 goblins
  7 hobgoblins
  7 jackals
  4 quokkas
  8 bats
  8 frilled lizards
  7 kobolds
  3 rats
  A rat zombie (D:3)
122 creatures vanquished.

Notes
Turn   | Place    | Note
-------+----------+-------------------------------------------
     0 | D:1      | Maratek the Demonspawn Fighter began the quest for the Orb.
     0 | D:1      | Reached XP level 1. HP: 18/18 MP: 1/1
    71 | D:1      | Gained mutation: Your movements are slightly less
                  | encumbered by armour. (ER -2) [demonic ancestry]
    71 | D:1      | Reached XP level 2. HP: 22/24 MP: 2/2
   244 | D:1      | Reached XP level 3. HP: 18/29 MP: 3/3
   675 | D:2      | Reached XP level 4. HP: 26/35 MP: 4/4
  1511 | D:2      | Found Gaqom's Book Emporium.
  1680 | D:3      | Found Pulihifi's Armour Shoppe.
  1801 | D:3      | Found an ancient bone altar of Kikubaaqudgha.
  2012 | D:3      | Noticed Natasha
  2021 | D:3      | Killed Natasha
  2098 | D:3      | Reached XP level 5. HP: 39/42 MP: 5/5
  2144 | D:3      | Noticed Natasha
  2151 | D:3      | Killed Natasha
  2226 | D:3      | Noticed an ogre
  2233 | D:3      | Killed an ogre
  2234 | D:3      | Reached skill level 4 in Fighting
  2355 | D:3      | Noticed Natasha
  2361 | D:3      | Reached XP level 6. HP: 29/48 MP: 6/6
  2363 | D:3      | Killed Natasha
  2502 | D:3      | Noticed Pargi
  2520 | D:3      | Killed Pargi
  2643 | D:3      | You fall into a shaft and drop 2 floors!
  2643 | D:5      | Entered Level 5 of the Dungeon
  2696 | D:5      | Found an opulent altar of Gozag.
  2944 | D:5      | Gained mutation: Your movements are less encumbered by
                  | armour. (ER -4) [demonic ancestry]
  2944 | D:5      | Reached XP level 7. HP: 43/55 MP: 7/7
  3255 | D:5      | Reached skill level 5 in Fighting
  3434 | D:5      | Found a shimmering blue altar of Sif Muna.
  3508 | D:5      | Found a shimmering altar of Xom.
  4092 | D:4      | Noticed Pikel
  4108 | D:4      | Killed Pikel
  4109 | D:4      | Reached skill level 5 in Long Blades
  4109 | D:4      | Reached skill level 5 in Armour
  4109 | D:4      | Reached skill level 5 in Shields
  4109 | D:4      | Reached XP level 8. HP: 17/64 MP: 8/8
  4122 | D:4      | Reached skill level 6 in Fighting
  4122 | D:4      | Slain by an ogre

Illustrated notes

Levels and vault maps discovered:
D:1:      dpeg_arrival_orchard, layout_rooms, minmay_indecisive_spiral
D:2:      layout_loops_cross, serial_shops, nicolae_shop_tiny_waterfront,
          minmay_split_cup_small
D:3:      layout_loops_ring, lemuel_zombie_altar_kikubaaqudgha,
          elyvilon_altar_5, serial_shops, nicolae_shop_peninsula, uniq_natasha,
          uniq_pargi
D:4:      layout_rooms, mainiacjoe_overflow_chevrons,
          mainiacjoe_overflow_small_starburst, fedhas_altar_4,
          minmay_temple_entry_offerings, dk_noncrumbling_2, uniq_menkaure,
          uniq_pikel
D:5:      layout_basic, mainiacjoe_overflow_surrounded_room, xom_butterflies,
          nicolae_overflow_crystal_walls

Skill      XL: |  1  2  3  4  5  6  7  8 |
---------------+-------------------------+-----
Long Blades    | 2 3 5 |  5.0
Armour         | 3 4 5 |  5.4
Shields        | 3 4 5 |  5.5
Fighting       | 4 5 6 |  6.0

Action                     |  1- 3 |  4- 6 |  7- 9 || total
---------------------------+-------+-------+-------++-------
  Melee: Long sword        |   102 |   203 |   105 ||   410
  Evoke: Wand              |       |       |     2 ||     2
    Use: Scroll            |       |     7 |       ||     7
         Potion            |       |       |     2 ||     2
 Armour: Scale mail        |    82 |   123 |    93 ||   298
  Dodge: Dodged            |    57 |   111 |    82 ||   250
  Block: Buckler           |    25 |    61 |    41 ||   127

Table legend: (Time is in decaauts)
 A = Elapsed time spent in this place.
 B = Non-inter-level travel time spent in this place.
 C = Inter-level travel time spent in this place.
 D = Time resting spent in this place.
 E = Time spent auto-exploring this place.
 F = Levels seen in this place.
 G = Mean time per level.
                   A        B        C        D        E       F      G
               +--------+--------+--------+--------+--------+-----+--------+
         Total |   4237 |   4133 |    104 |     85 |   3190 |   5 |  847.4 |
       Dungeon |   4237 |   4133 |    104 |     85 |   3190 |   5 |  847.4 |
               +--------+--------+--------+--------+--------+-----+--------+

Top non-repeatable levels by time:
     D:5: 1221 daAuts
     D:2: 1075 daAuts
     D:3: 1000 daAuts
     D:1: 648 daAuts
     D:4: 291 daAuts
